 Dungeon Crawl Stone Soup version 0.30-a0-989-g0d87f670db (webtiles) character file.

Game seed: 12730191855225589770

302 Maxmaps the Shield-Bearer (level 6, -1/51 HPs)
             Began as a Formicid Fighter on Apr 3, 2023.
             Killed by nerve-wracking pain
             ... invoked by an orc priest
              (9 damage)
             ... on level 4 of the Dungeon.
             The game lasted 00:02:45 (2938 turns).

Maxmaps the Shield-Bearer (Formicid Fighter)        Turns: 2938, Time: 00:02:45

Health: -1/51      AC:  5    Str: 21    XL:     6   Next: 65%
Magic:  6/6        EV: 10    Int:  7    God:
Gold:   161        SH:  6    Dex: 15    Spells: 5/5 levels left

rFire   . . .      SeeInvis +    a - +0 flail
rCold   + . .      Faith    .    c - +0 buckler
rNeg    . . .      Spirit   .    x - +0 ring mail {rC+}
rPois   .          Reflect  .    (helmet unavailable)
rElec   .          Rampage  .    (no cloak)
rCorr   .                        (no gloves)
Will    .....                    (no boots)
Stlth   +                        (no amulet)
HPRegen 0.28/turn                (no ring)
MPRegen 0.10/turn                (no ring)

@: no status effects
A: permanent stasis, dig shafts and tunnels, antennae 3, four strong arms
a: Dig, Shaft Self


You were on level 4 of the Dungeon.
You visited 1 branch of the dungeon, and saw 4 of its levels.

You collected 161 gold pieces.

Inventory:

Hand Weapons
 a - a +0 flail (weapon)
Armour
 b - a +0 scale mail
 c - a +0 buckler (worn)
 x - a +0 ring mail of cold resistance (worn)
Jewellery
 q - a ring of protection from fire
Wands
 d - a wand of charming (1)
 s - a wand of flame (18)
 u - a wand of roots (11)
Scrolls
 e - 3 scrolls of identify {unknown}
 f - 2 scrolls of immolation {unknown}
 g - 2 scrolls of noise {unknown}
 h - 4 scrolls of teleportation {unknown}
 i - a scroll of poison {unknown}
 k - a scroll of enchant armour {unknown}
 l - 2 scrolls of torment {unknown}
 m - a scroll of enchant weapon {unknown}
 n - a scroll of fear {unknown}
 o - a scroll of brand weapon {unknown}
 p - 2 scrolls of vulnerability {unknown}
 r - a scroll of amnesia {unknown}
 w - a scroll of butterflies {unknown}
Potions
 j - a potion of flight
 t - a potion of curing {unknown}
 v - a potion of magic {unknown}


   Skills:
 - Level 5.3 Fighting
 + Level 3.7 Maces & Flails
 - Level 3.2 Armour
 - Level 6.2 Shields


You had 5 spell levels left.
You didn't know any spells.
Your spell library contained the following spells:

 Spells                   Type           Power      Damage    Failure   Level
 Sandblast                Erth           0%         2d4       65%         1
 Passwall                 Tmut/Erth      0%         N/A       80%         2
 Stone Arrow              Conj/Erth      0%         3d7       95%         3


Dungeon Overview and Level Annotations

Branches:
Dungeon (4/15)
 Temple: D:4-7

Altars:
Cheibriados
Gozag

Shops:
D:1 =   D:2 *   D:4 =


Innate Abilities, Weirdness & Mutations

You cannot be hasted, slowed, berserked, paralysed or teleported.
You can dig through walls and to a lower floor.
You have a pair of large antennae on your head. (SInv)
Your four strong arms can wield two-handed weapons with a shield.


Message History

You block the orc's attack.
The orc priest looks encouraged for a moment.
You hit the orc.
You kill the orc!
The orc priest barely misses you.
You closely miss the orc priest.
The orc priest hits you with a +0 hand axe.
You thump the orc priest!
The orc priest is heavily wounded.
The orc priest looks satisfied for a moment.
You barely miss the orc priest.
The orc priest is heavily wounded.
You block the orc priest's attack.
The orc priest hits you but does no damage.
You hit the orc priest.
The orc priest is severely wounded.
The orc priest calls down the wrath of Beogh upon you.
Pain shoots through your body!
You hit the orc priest.
The orc priest is almost dead.
The orc priest calls down the wrath of Beogh upon you.
Beogh smites you!
You hit the orc priest.
The orc priest is almost dead.
The orc priest barely misses you.
You closely miss the orc priest.
The orc priest is almost dead.
The orc priest looks encouraged for a moment.
You closely miss the orc priest.
The orc priest is almost dead.
The orc priest calls down the wrath of Beogh upon you.
Pain shoots through your body!
The orc priest calls down the wrath of Beogh upon you.
Beogh smites you!
* * * LOW HITPOINT WARNING * * *
You closely miss the orc priest.
The orc priest is almost dead.
The orc priest mumbles some strange prayers to Beogh against you.
Pain shoots through your body!
You die...

#..........#.#
#..........#.#
#..........###
#..........#
#..........#
#..........#
....#.
#..........#
..... .
##########.#
.... .# #@#
...#... #o##
....#.#
#g.##.......
##..#......#
##..oo.....
##.....#.#
#######


You could see an orc priest and a goblin.

Vanquished Creatures
  A hound (D:4)
  An orc priest (D:4)
  An iguana (D:4)
  An iron imp (D:4)
  Jessica (D:2)
  Terence (D:3)
  An orc wizard (D:4)
  Natasha (D:4)
  3 adders
  7 orcs
  3 endoplasms
  4 giant cockroaches
  7 goblins
  3 hobgoblins
  A kobold (D:4)
  2 quokkas
  5 ball pythons
  5 bats
  6 frilled lizards
  5 rats
59 creatures vanquished.

Notes
Turn   | Place    | Note
-------+----------+-------------------------------------------
     0 | D:1      | Maxmaps the Formicid Fighter began the quest for the Orb.
     0 | D:1      | Reached XP level 1. HP: 18/18 MP: 1/1
   162 | D:1      | Reached XP level 2. HP: 19/25 MP: 2/2
   400 | D:1      | Found Eregoar's Jewellery Emporium.
   655 | D:2      | Reached XP level 3. HP: 31/31 MP: 3/3
   714 | D:2      | Noticed Jessica
   728 | D:2      | Killed Jessica
   729 | D:2      | Reached skill level 5 in Fighting
   729 | D:2      | Reached XP level 4. HP: 24/39 MP: 4/4
  1026 | D:2      | Found Sosuvam's Assorted Antiques.
  1472 | D:3      | Noticed Terence
  1480 | D:3      | Killed Terence
  1481 | D:3      | Reached XP level 5. HP: 25/44 MP: 5/5
  1708 | D:3      | Identified the +1 leather armour of Integrity {SInv}
  1900 | D:3      | Reached skill level 5 in Shields
  2236 | D:4      | Found an opulent altar of Gozag.
  2353 | D:4      | Noticed Natasha
  2373 | D:4      | Killed Natasha
  2374 | D:4      | Reached skill level 6 in Shields
  2374 | D:4      | HP: 1/44 [kobold/+0 club (3)]
  2552 | D:4      | Reached XP level 6. HP: 40/51 MP: 6/6
  2643 | D:4      | Found Welikioq's Jewellery Boutique.
  2828 | D:4      | Found a snail-covered altar of Cheibriados.
  2938 | D:4      | Killed from afar by an orc priest

Illustrated notes

Levels and vault maps discovered:
D:1:      lemuel_arrival_cross, layout_basic, serial_shops, nicolae_shop_stone
D:2:      minmay_angry_zag, layout_basic, serial_shops, shop, uniq_jessica
D:3:      layout_basic, serial_co_window_serial, co_window_corner_a,
          co_window_corner_a, co_window_corner_a, co_window_of_opportunity_a,
          co_window_paths_b, co_window_of_opportunity_b, co_window_cross_2,
          co_window_2corner, co_window_cross_2, co_window_unsneaky_path_a,
          co_window_corner_b, glass_columns_c, glass_columns_b, glass_columns_a,
          glass_columns_a, glass_columns_b, uniq_terence
D:4:      layout_basic, kennysheep_mini, chei_slow_surprise, serial_shops,
          shop_fountains, dreamdust_wishing_well, hangedman_decor_opposing,
          uniq_natasha

Skill      XL: |  1  2  3  4  5  6 |
---------------+-------------------+-----
Fighting       | 4 5 |  5.3
Shields        | 6 |  6.2
Maces & Flails | 3 |  3.7
Armour         | |  3.2

Action                     |  1- 3 |  4- 6 || total
---------------------------+-------+-------++-------
  Melee: Flail             |    55 |   149 ||   204
    Use: Potion            |     3 |     1 ||     4
 Armour: Scale mail        |    31 |    47 ||    78
         Ring mail         |       |     1 ||     1
  Dodge: Dodged            |    13 |    63 ||    76
  Block: Buckler           |    13 |    36 ||    49

Table legend: (Time is in decaauts)
 A = Elapsed time spent in this place.
 B = Non-inter-level travel time spent in this place.
 C = Inter-level travel time spent in this place.
 D = Time resting spent in this place.
 E = Time spent auto-exploring this place.
 F = Levels seen in this place.
 G = Mean time per level.
                   A        B        C        D        E       F      G
               +--------+--------+--------+--------+--------+-----+--------+
         Total |   3002 |   2942 |     60 |    433 |   1921 |   4 |  750.5 |
       Dungeon |   3002 |   2942 |     60 |    433 |   1921 |   4 |  750.5 |
               +--------+--------+--------+--------+--------+-----+--------+

Top non-repeatable levels by time:
     D:3: 1121 daAuts
     D:4: 658 daAuts
     D:1: 646 daAuts
     D:2: 575 daAuts
